 Dungeon Crawl Stone Soup version 0.29.1-15-g9cfb28693d (webtiles) character file.

Game seed: 15140346868155750177

32 Peloso the Shield-Bearer (level 3, 33/33 HPs)
             Began as a Minotaur Fighter on Apr 22, 2023.
             Got out of the dungeon alive.
             The game lasted 00:01:33 (1122 turns).

Peloso the Shield-Bearer (Minotaur Fighter)         Turns: 1122, Time: 00:01:34

Health: 33/33      AC:  9    Str: 15 (18) XL:     3   Next: 8%
Magic:  2/2        EV:  8    Int:  4 (5)  God:
Gold:   43         SH:  4    Dex:  8 (11) Spells: 2/2 levels left

rFire   + . .      SeeInvis .   a - +0 long sword
rCold   . . .      Faith    .   c - +0 buckler
rNeg    . . .      Spirit   .   b - +0 scale mail
rPois   .          Reflect  .   (helmet restricted)
rElec   .          Harm     .   (no cloak)
rCorr   .          Rampage  .   (no gloves)
Will    .....                   (no boots)
Stlth   ..........              (no amulet)
HPRegen 0.11/turn               h - ring of protection from fire
MPRegen 0.08/turn               (no ring)

@: no status effects
A: horns 2, retaliatory headbutt, iridescent scales 1, weak 1
a: no special abilities


You escaped.
You visited 1 branch of the dungeon, and saw 1 of its levels.

You collected 43 gold pieces.

Inventory:

Hand Weapons
 a - a +0 long sword (weapon)
Armour
 b - a +0 scale mail (worn)
 c - a +0 buckler (worn)
Jewellery
 h - a ring of protection from fire (left hand)
Potions
 d - a potion of might


   Skills:
 + Level 4.0 Fighting
 + Level 2.9 Long Blades
 + Level 4.0 Armour
 + Level 0.2 Dodging
 + Level 4.1 Shields


You had 2 spell levels left.
You didn't know any spells.
Your spell library contained the following spells:

 Spells                   Type           Power      Damage    Failure   Level
 Shock                    Conj/Air       0%         1d3       95%         1
 Swiftness                Air            0%         N/A       100%        3
 Airstrike                Air            0%         2d(0-16)  100%        4


Dungeon Overview and Level Annotations

Branches:
Dungeon (1/15)

Altars:


Innate Abilities, Weirdness & Mutations

You have a pair of horns on your head.
You reflexively headbutt those who attack you in melee.
You are partially covered in iridescent scales. (AC +2)
You are weak. (Str -2)


Message History

The quokka is moderately wounded.
The quokka bites you but does no damage.
You closely miss the quokka.
The quokka is moderately wounded.
The quokka barely misses you. You furiously retaliate!
You headbutt the quokka!
You kill the quokka!
You see here a rat corpse.
You open the door.
A ball python comes into view.
The ball python hisses angrily.
Found a viscous emerald potion.
A ball python is nearby!
A ball python is nearby!
A ball python is nearby!
There is an open door here.
You closely miss the ball python. You headbutt the ball python.
You kill the ball python!
j - a viscous emerald potion Done exploring.
Done exploring.
Done exploring.
As you read the scroll labelled SAOREXUGAUJ, it crumbles to dust.
You feel strangely unstable.
It was a scroll of teleportation.
The air fills with toxic fumes!
As you read the scroll labelled XIUSIS KEOKH, it crumbles to dust.
It was a scroll of poison.
It was a potion of heal wounds.
You feel much better.
It was a potion of degeneration.
There was something very wrong with that liquid.
You feel weakened.
You feel dopey.
You feel clumsy.
Your surroundings suddenly seem different.
It was a potion of mutation.
You feel extremely strange.
You feel weaker.
Iridescent scales grow over part of your body.
(D) Dungeon
Where to? (? - help)
What level of the Dungeon? (default 1, ? - help)
There is a staircase leading out of the dungeon here.
Are you sure you want to leave the Dungeon?
This will make you lose the game!
You have escaped!

#####.##########..###### #.#
#.# #####.....###### #.# #†##
#...#.....#...######.#
#..###.8.#.....#.8.###.##.#
#####...##...#.....#...##.....#
.........#####.....#####..###.#
#####...#...............#.# #.#
# ##...##.................###.#
#.....#.......@.......#.....#
#....##...............###.###
#.#.###...............# #.#
#.### ######.....###### #.# #.#
##...#.....#...## #.#
#.######.8.#.....#.8.## #.#
###.##...#...#.....#...## #.#
....)..#######.....###### #.#
###.##.####.###...#########.#


There were no monsters in sight!

Vanquished Creatures
  2 bats (D:1)
  2 endoplasms (D:1)
  2 goblins (D:1)
  5 hobgoblins (D:1)
  5 kobolds (D:1)
  3 quokkas (D:1)
  2 ball pythons (D:1)
  3 frilled lizards (D:1)
  6 rats (D:1)
30 creatures vanquished.

Notes
Turn   | Place    | Note
-------+----------+-------------------------------------------
     0 | D:1      | Peloso the Minotaur Fighter began the quest for the Orb.
     0 | D:1      | Reached XP level 1. HP: 19/19 MP: 0/0
   158 | D:1      | Reached XP level 2. HP: 27/27 MP: 1/1
   812 | D:1      | Found a faded altar of an unknown god.
  1031 | D:1      | Reached XP level 3. HP: 33/33 MP: 2/2
  1095 | D:1      | Gained mutation: You are weak. (Str -2) [potion of
                  | mutation]
  1095 | D:1      | Gained mutation: You are partially covered in iridescent
                  | scales. (AC +2) [potion of mutation]
  1122 | D:$      | Got out of the dungeon alive.

Illustrated notes

Levels and vault maps discovered:
D:1:      minmay_arrival_glassed_features, layout_loops_corners,
          shapermc_ecumenical_altar_flowoftime

Skill      XL: |  1  2 |
---------------+-------+-----
Armour         | 4 |  4.0
Shields        | 4 |  4.1
Fighting       | 4 |  4.0
Long Blades    | |  2.9
Dodging        | |  0.2

Action                   || total
-------------------------++-------
Melee: Long sword        ||    67
       Headbutt          ||     9
  Use: Potion            ||     3
       Scroll            ||     2
Armor: Scale mail        ||    22
Dodge: Dodged            ||    45
Block: Buckler           ||    18
